 Dungeon Crawl Stone Soup version 0.27-a0-906-g0a00ce863d (webtiles) character file.

Game seed: 17904914087997473518

38 bvbks the Digger (level 3, -8/19 HPs)
             Began as a Gargoyle Earth Elementalist on Apr 7, 2021.
             Mangled by Terence
             ... wielding a +2 flail of protection
              (9 damage)
             ... on level 2 of the Dungeon.
             The game lasted 00:02:54 (2721 turns).

bvbks the Digger (Gargoyle Earth Elementalist)      Turns: 2721, Time: 00:02:54

Health: -8/19      AC:  5    Str: 11    XL:     3   Next: 43%
Magic:  0/7        EV: 11    Int: 16    God:
Gold:   24         SH:  0    Dex: 10    Spells: 3/7 levels left

rFire    . . .     SeeInvis .   a - +0 club
rCold    . . .     Faith    .   (no shield)
rNeg     + . .     Spirit   .   c - +0 robe
rPois    ∞         Reflect  .   (no helmet)
rElec    +         Harm     .   (no cloak)
rCorr    .         Rampage  .   (no gloves)
Will     .....                  (no boots)
Stlth    ++........             (no amulet)
HPRegen  0.06/turn              (no ring)
MPRegen  0.10/turn              (no ring)

@: attractive
A: AC +3, negative energy resistance 1, electricity resistance, torment
resistance 1, unbreathing 1, petrification resistance
a: no special abilities


You were on level 2 of the Dungeon.
You visited 1 branch of the dungeon, and saw 2 of its levels.

You collected 24 gold pieces.

Inventory:

Hand Weapons
 a - a +0 club (weapon)
Missiles
 b - 77 stones
Armour
 c - a +0 robe (worn)
Magical Staves
 g - a staff of fire
Scrolls
 e - a scroll of fog {unknown}
Potions
 f - a potion of curing {unknown}
 h - a potion of berserk rage {unknown}
 i - a potion of mutation {unknown}


   Skills:
 - Level 1.5 Dodging
 - Level 2.1 Stealth
 + Level 2.7 Spellcasting
 + Level 0.5 Conjurations
 - Level 0.7 Transmutations
 + Level 4.5 Earth Magic


You had 3 spell levels left.
You knew the following spells:

 Your Spells              Type           Power      Damage    Failure   Level
a - Sandblast             Erth           32%        2d9       3%          1
b - Stone Arrow           Conj/Erth      20%        3d8       21%         3

Your spell library contained the following spells:

 Spells                   Type           Power      Damage    Failure   Level
 Passwall                 Tmut/Erth      8%         N/A       10%         2
 Animate Skeleton         Necr           4%         N/A       19%         1
 Apportation              Tloc           4%         N/A       19%         1
 Corona                   Hex            2%         N/A       19%         1
 Summon Small Mammal      Summ           8%         N/A       19%         1
 Petrify                  Tmut/Erth      10%        N/A       54%         4
 Lee's Rapid Deconstruct  Erth           8%         3d8*      63%         5


Dungeon Overview and Level Annotations

Branches:
Dungeon (2/15)

Altars:

Annotations:
D:2 Terence


Innate Abilities, Weirdness & Mutations

Your stone body is resilient. (AC +3)
You are immune to poison.
You resist negative energy. (rN+)
You are resistant to electric shocks. (rElec)
You are resistant to unholy torment.
You can survive without breathing.
You are immune to petrification.


Message History

Confirm with . or Enter, or press ? or * to list all spells.
Aiming: Sandblast (safe; 3% risk of failure)
Press: ? - help, Shift-Dir - straight line, f/p - Terence
Aim: Terence, wielding a +2 flail of protection and wearing a +0 scale mail (18% to evade)
Okay, then.
Casting: Sandblast (safe; 3% risk of failure)
Confirm with . or Enter, or press ? or * to list all spells.
Aiming: Sandblast (safe; 3% risk of failure)
Press: ? - help, Shift-Dir - straight line, f/p - Terence
Aim: Terence, wielding a +2 flail of protection and wearing a +0 scale mail (18% to evade)
The blast of sand hits Terence but does no damage.
Terence hits you with a +2 flail of protection.
Casting: Sandblast (safe; 3% risk of failure)
Confirm with . or Enter, or press ? or * to list all spells.
You don't know that spell.
Unknown command.
Casting: Sandblast (safe; 3% risk of failure)
Confirm with . or Enter, or press ? or * to list all spells.
Aiming: Sandblast (safe; 3% risk of failure)
Press: ? - help, Shift-Dir - straight line, f/p - Terence
Aim: Terence, wielding a +2 flail of protection and wearing a +0 scale mail (18% to evade)
The blast of sand hits Terence but does no damage.
Terence hits you with a +2 flail of protection.
Casting: Sandblast (safe; 3% risk of failure)
Confirm with . or Enter, or press ? or * to list all spells.
Aiming: Sandblast (safe; 3% risk of failure)
Press: ? - help, Shift-Dir - straight line, f/p - Terence
Aim: Terence, wielding a +2 flail of protection and wearing a +0 scale mail (18% to evade)
The blast of sand hits Terence.
Terence is lightly wounded.
Terence hits you with a +2 flail of protection!
Ouch! That really hurt!
* * * LOW HITPOINT WARNING * * *
Casting: Sandblast (safe; 3% risk of failure)
Confirm with . or Enter, or press ? or * to list all spells.
Okay, then.
It was a potion of attraction.
You feel attractive to monsters.
Terence hits you with a +2 flail of protection!
You die...

..................##
....#.#.#########.#
....#...# ######.####
....##..####.........#
.....†...............#
##'#.................#
##.#...>....#####'####
...#........#.....#
.###........#...@.# .#
#........#...@.......
.#
#........#.....######
.# #........#...... .#
#....... .# #....##.#
## .....# ## ......#


You could see Terence.

Vanquished Creatures
  2 worms (D:2)
  2 endoplasms (D:2)
  6 goblins
  3 hobgoblins
  4 jackals (D:1)
  A quokka (D:2)
  2 ball pythons (D:1)
  3 bats (D:1)
  3 frilled lizards (D:1)
  4 kobolds (D:1)
  2 rats
32 creatures vanquished.

Notes
Turn   | Place    | Note
-------+----------+-------------------------------------------
     0 | D:1      | bvbks the Gargoyle Earth Elementalist began the quest for
                  | the Orb.
     0 | D:1      | Reached XP level 1. HP: 10/10 MP: 3/3
   386 | D:1      | Reached XP level 2. HP: 3/15 MP: 1/5
   633 | D:1      | Reached skill level 4 in Earth Magic
  1806 | D:2      | Reached XP level 3. HP: 19/19 MP: 0/7
  1975 | D:2      | Learned a level 3 spell: Stone Arrow
  2713 | D:2      | Noticed Terence
  2721 | D:2      | Mangled by Terence

Illustrated notes

Levels and vault maps discovered:
D:1:      wheals_arrival_linesprint, layout_basic
D:2:      layout_basic, minmay_misc_feat_tiny, uniq_terence

Skill      XL: |  1  2 |
---------------+-------+-----
Earth Magic    | 4 |  4.5
Dodging        | |  1.5
Stealth        | |  2.1
Spellcasting   | |  2.7
Conjurations   | |  0.5
Transmutations | |  0.7

Action                   || total
-------------------------++-------
Melee: Club              ||    47
       Unarmed           ||     6
 Cast: Sandblast         ||    31
       Stone Arrow       ||     1
  Use: Potion            ||     1
 Stab: Sleeping          ||     1
Armor: Robe              ||    31
Dodge: Dodged            ||    42

Table legend: (Time is in decaauts)
 A = Elapsed time spent in this place.
 B = Non-inter-level travel time spent in this place.
 C = Inter-level travel time spent in this place.
 D = Time resting spent in this place.
 E = Time spent auto-exploring this place.
 F = Levels seen in this place.
 G = Mean time per level.
                   A        B        C        D        E       F      G
               +--------+--------+--------+--------+--------+-----+--------+
         Total |   2734 |   2661 |     73 |    572 |   1855 |   2 | 1367.0 |
       Dungeon |   2734 |   2661 |     73 |    572 |   1855 |   2 | 1367.0 |
               +--------+--------+--------+--------+--------+-----+--------+

Top non-repeatable levels by time:
     D:1: 1787 daAuts
     D:2: 946 daAuts
